 Dungeon Crawl Stone Soup version 0.20.0-15-g7f486f2 (webtiles) character file.

42 tehllama the Conjurer (level 3, -7/26 HPs)
             Began as a Draconian Conjurer on June 21, 2017.
             Killed by divine providence
             ... invoked by an orc priest
              (12 damage)
             ... on level 3 of the Dungeon.
             The game lasted 00:07:22 (1714 turns).

tehllama the Conjurer (Draconian Conjurer)          Turns: 1714, Time: 00:07:23

Health: -7/26      AC:  5    Str: 10    XL:     3   Next: 35%
Magic:  0/6        EV: 12    Int: 16    God:
Gold:   97         SH:  0    Dex: 11    Spells: 3/6 levels left

rFire    . . .     SeeInvis .   f - +0 hand axe
rCold    . . .     Gourm    .   (no shield)
rNeg     . . .     Faith    .   (armour unavailable)
rPois    .         Spirit   .   (helmet restricted)
rElec    .         Reflect  .   (no cloak)
rCorr    .         Harm     .   (no gloves)
MR       .....                  (no boots)
Stlth    ++........             i - amulet of magic regeneration
Regen    0.1/turn               (no ring)
MPRegen  0.2/turn               (no ring)

@: very slightly contaminated
A: unfitting armour, cold-blooded, AC +5
a: no special abilities


You were on level 3 of the Dungeon.
You were not hungry.

You visited 1 branch of the dungeon, and saw 3 of its levels.

You collected 97 gold pieces.

Inventory:

Hand Weapons
 d - a cursed -2 hunting sling
 e - a +0 club
 f - a +0 hand axe (weapon)
Jewellery
 i - an amulet of magic regeneration (around neck)
Potions
 b - a potion of berserk rage {unknown}
 h - a potion of haste {unknown}
Books
 a - a book of Conjurations

   Spells                             Type                      Level
   a - Magic Dart                     Conjuration                  1
   b - Searing Ray                    Conjuration                  2
   c - Dazzling Spray                 Conjuration/Hexes            3
   d - Fulminant Prism                Conjuration/Hexes            4
   e - Force Lance                    Conjuration/Translocation    4
   f - Iskenderun's Mystic Blast      Conjuration                  4
Comestibles
 c - 2 royal jellies
 g - a bread ration


   Skills:
 + Level 0.2 Fighting
 + Level 2.0 Dodging
 + Level 1.7 Stealth
 + Level 2.3 Spellcasting
 + Level 4.8 Conjurations


You had 3 spell levels left.
You knew the following spells:

 Your Spells              Type           Power        Failure   Level  Hunger
a - Magic Dart            Conj           ###.         2%          1    #......
b - Searing Ray           Conj           ###...       4%          2    ###....


Dungeon Overview and Level Annotations

Branches:
Dungeon (3/15)

Altars:


Innate Abilities, Weirdness & Mutations

Your plain brown scales are hard. (AC +5)
You cannot fit into any form of body armour.
You are cold-blooded and may be slowed by cold attacks.


Message History

The searing ray hits the giant cockroach.
You kill the giant cockroach!
Your Dodging skill increases to level 2!
The goblin barely misses you. The orc barely misses you.
The searing ray hits the goblin.
You kill the goblin!
The goblin misses you. The orc barely misses you.
The searing ray hits the orc priest.
The orc priest is heavily wounded.
The searing ray hits the orc.
You kill the orc!
You finish channeling your searing ray.
The goblin hits you but does no damage. The orc priest misses you.
The orc hits you.
* * * LOW HITPOINT WARNING * * *
You hit the orc.
The orc is heavily wounded.
You hit the orc priest. You hit the goblin.
The orc priest mumbles some strange prayers to Beogh against you.
Beogh smites you!
You die...

#.......#
##.......# #
.........## .. .
##........ >.. ..
.........##.......
##........>.......
$......<.# .....
.#(....(l###......
.....#.ooo@o.....)
.### ######g######
o.. .o..? .......
....... ......>
#######


You could see 3 orc priests, 3 orcs, a leopard gecko and a goblin.

Vanquished Creatures
  A worm (D:2)
  3 leopard geckos
  An orc (D:3)
  A ball python (D:2)
  4 bats
  3 giant cockroaches
  6 goblins
  4 hobgoblins
  2 kobolds
  A quokka (D:2)
  3 rats
29 creatures vanquished.

Notes
Turn   | Place    | Note
-------+----------+-------------------------------------------
     0 | D:1      | tehllama the Draconian Conjurer began the quest for the Orb.
     0 | D:1      | Reached XP level 1. HP: 14/14 MP: 3/3
   658 | D:1      | Reached XP level 2. HP: 20/20 MP: 1/5
  1096 | D:2      | Found a faded altar of an unknown god.
  1158 | D:2      | Learned a level 2 spell: Searing Ray
  1315 | D:2      | Reached XP level 3. HP: 26/26 MP: 3/6
  1714 | D:3      | Killed from afar by an orc priest

Skill      XL: |  1  2  3 |
---------------+----------+-----
Dodging        | 2 |  2.0
Fighting       | |  0.2
Stealth        | |  1.7
Spellcasting   | |  2.3
Conjurations   | |  4.8

Action                   || total
-------------------------++-------
Melee: Unarmed           ||    19
       Tailslap          ||     1
       Club              ||     4
       Hand axe          ||     8
 Cast: Magic Dart        ||    48
       Searing Ray       ||     1
  Use: Scroll            ||     4
  Eat: Bread ration      ||     1
Armor: Skin              ||    22
Dodge: Dodged            ||    42
